 Dungeon Crawl Stone Soup version 0.28.0-53-g5a82cb258f (webtiles) character file.

Game seed: 7338728434956944435

642 Neuros91 the Slasher (level 7, 0/49 (52) HPs)
             Began as a Human Fighter on June 22, 2022.
             Slain by a wight
             ... wielding a +0 long sword
              (2 damage)
             ... on level 6 of the Dungeon.
             The game lasted 00:13:37 (4684 turns).

Neuros91 the Slasher (Human Fighter)                Turns: 4684, Time: 00:13:38

HP:   0/49 (52)     AC: 18    Str: 18    XL:     7   Next: 81%
MP:   7/7           EV:  1    Int:  9    God:
Gold: 134           SH:  5    Dex: 12    Spells: 6/6 levels left

rFire   . . .      SeeInvis .   h - +1 falchion (vorpal)
rCold   . . .      Faith    .   c - +1 buckler
rNeg    . . .      Spirit   .   k - +0 crystal plate armour
rPois   .          Reflect  .   (no helmet)
rElec   .          Harm     .   (no cloak)
rCorr   .          Rampage  .   o - +0 pair of gloves
Will    +....                   j - +0 pair of boots
Stlth   ..........              (no amulet)
HPRegen 0.16/turn               i - ring of willpower
MPRegen 0.10/turn               (no ring)

@: mighty, drained
A: no striking features
a: no special abilities


You were on level 6 of the Dungeon.
You visited 1 branch of the dungeon, and saw 6 of its levels.

You collected 134 gold pieces.

Inventory:

Hand Weapons
 a - a +0 war axe
 h - a +1 vorpal falchion (weapon)
 n - a +1 flail of draining
Missiles
 e - 5 poisoned darts (quivered)
Armour
 b - a +0 scale mail
 c - a +1 buckler (worn)
 j - a +0 pair of boots (worn)
 k - a +0 crystal plate armour (worn)
 o - a +0 pair of gloves (worn)
Jewellery
 i - a ring of willpower (left hand)
Scrolls
 g - 4 scrolls of teleportation
Potions
 d - a potion of might
 f - 2 potions of heal wounds {unknown}
 l - 2 potions of brilliance {unknown}
 m - a potion of attraction {unknown}


   Skills:
 - Level 3.0 Fighting
 + Level 7.5 Long Blades
 - Level 2.8 Axes
 - Level 3.0 Armour
 - Level 3.0 Shields


You had 6 spell levels left.
You didn't know any spells.
Your spell library contained the following spells:

 Spells                   Type           Power      Damage    Failure   Level
 Slow                     Hex            0%         N/A       100%        1
 Scorch                   Fire           0%         2d5       100%        2
 Confusing Touch          Hex            0%         N/A       100%        3
 Vampiric Draining        Necr           0%         2d6       100%        3
 Flame Wave               Conj/Fire      0%         2d4       100%        4
 Hailstorm                Conj/Ice       0%         3d3       100%        4
 Ice Form                 Ice/Tmut       0%         N/A       100%        4
 Simulacrum               Ice/Necr       0%         N/A       100%        6
 Summon Cactus Giant      Summ           0%         N/A       100%        6


Dungeon Overview and Level Annotations

Branches:
Dungeon (5/15)             Temple (0/1) D:6

Altars:
Cheibriados
Hepliaklqana
Qazlal
Ru
Xom

Shops:
D:1 ?


Message History

You block the wight's attack. The black bear barely misses you.
The black bear claws you but does no damage. x2
You feel very mighty all of a sudden.
The bullfrog hits you but does no damage.
The wight barely misses you. The wight hits you with a +0 hand axe.
You feel drained. The wight hits you but does no damage.
The black bear bites you but does no damage.
The black bear claws you but does no damage.
The black bear claws you. The bullfrog hits you.
You slash the black bear!
The black bear is severely wounded.
The bullfrog hits you but does no damage.
The wight hits you but does no damage. x3; The black bear bites you.
* * * LOW HITPOINT WARNING * * *
The black bear claws you but does no damage. x2
You slash the black bear!
The black bear is almost dead.
The bullfrog hits you.
* * * LOW HITPOINT WARNING * * *
The wight hits you but does no damage. x2; You block the wight's attack.
The bullfrog hits you but does no damage.
The black bear bites you but does no damage.
The black bear claws you but does no damage. x2
You slash the black bear!
You kill the black bear!
The bullfrog hits you.
* * * LOW HITPOINT WARNING * * *
The wight hits you with a +0 long sword.
* * * LOW HITPOINT WARNING * * *
The wight hits you with a +0 hand axe.
* * * LOW HITPOINT WARNING * * *
The wight hits you but does no damage. You block the wight's attack.
You see here a black bear corpse.
The bullfrog hits you but does no damage.
The bullfrog hits you but does no damage.
The wight hits you with a +0 long sword.
* * * LOW HITPOINT WARNING * * *
You feel drained.
You die...

. ##### ..
#######z..####...
#..@Fz?z.........
#..#.z.##.........
#....#.#z.#........
#.#..#....#........
#..##....#..z....#.
#.....>..........#
#. #....##........#
# ?...#..#.....#..
..#. ........# .


You could see a bullfrog and 5 wights.

Vanquished Creatures
  Edmund (D:4)
  A water moccasin (D:5)
  A black bear (D:6)
  An orc priest (D:3)
  2 hounds
  A jelly (D:5)
  An orc wizard (D:3)
  A hound zombie (D:5)
  4 gnolls (D:3)
  4 adders
  A shadow imp (D:5)
  2 ufetubi
  An adder skeleton (D:4)
  A dart slug (D:4)
  7 orcs (D:3)
  6 endoplasms
  5 giant cockroaches
  4 goblins
  4 hobgoblins
  10 jackals
  2 kobolds
  3 quokkas
  5 ball pythons
  3 bats
  2 frilled lizards (D:3)
  8 rats
81 creatures vanquished.

Notes
Turn   | Place    | Note
-------+----------+-------------------------------------------
     0 | D:1      | Neuros91 the Human Fighter began the quest for the Orb.
     0 | D:1      | Reached XP level 1. HP: 18/18 MP: 1/1
   287 | D:1      | Reached XP level 2. HP: 19/24 MP: 2/2
   584 | D:1      | Found Ycwud's Magic Scroll Emporium.
   747 | D:1      | Found a faded altar of an unknown god.
  1163 | D:2      | Reached skill level 1 in Long Blades
  1207 | D:2      | Reached XP level 3. HP: 22/29 MP: 3/3
  1944 | D:3      | Reached skill level 2 in Long Blades
  2050 | D:3      | Reached skill level 3 in Long Blades
  2050 | D:3      | Reached XP level 4. HP: 9/35 MP: 4/4
  2057 | D:3      | Reached XP level 5. HP: 12/41 MP: 5/5
  2326 | D:3      | Reached skill level 4 in Long Blades
  3390 | D:4      | Reached XP level 6. HP: 40/47 MP: 6/6
  3442 | D:4      | Reached skill level 5 in Long Blades
  3667 | D:4      | Noticed Edmund
  3687 | D:4      | Killed Edmund
  3688 | D:4      | Reached skill level 6 in Long Blades
  3688 | D:4      | Reached XP level 7. HP: 13/43 MP: 7/7
  3936 | D:4      | Found a stormy altar of Qazlal.
  3937 | D:4      | Noticed an air elemental
  3937 | D:4      | Noticed a fire elemental
  3937 | D:4      | Noticed a water elemental
  4315 | D:5      | Entered Level 5 of the Dungeon
  4315 | D:5      | Noticed a water moccasin
  4327 | D:5      | Killed a water moccasin
  4603 | D:5      | Found a shimmering altar of Xom.
  4604 | D:5      | Found a sacrificial altar of Ru.
  4604 | D:5      | Found a hazy altar of Hepliaklqana.
  4621 | D:5      | Reached skill level 7 in Long Blades
  4659 | D:5      | Found a snail-covered altar of Cheibriados.
  4669 | D:5      | You fall into a shaft and drop 1 floor!
  4671 | D:6      | Found a staircase to the Ecumenical Temple.
  4684 | D:6      | HP: 2/51 [wight/+0 long sword (4)]
  4684 | D:6      | Slain by a wight

Illustrated notes

Levels and vault maps discovered:
D:1:      onia_arrival_mini_spirals, layout_loops_corners,
          ebering_ecumenical_altar_petrified, serial_shops, shop_statue
D:2:      layout_loops_cross
D:3:      layout_loops_cross, corexii_corridor_pit, st_stairs_4
D:4:      layout_basic, nicolae_qazlal_style_of_elements, minivault_23,
          minmay_curled_crystal, uniq_edmund
D:5:      layout_basic, chequers_temple_overflow_statue_of_worship,
          biasface_ghost_orc_armoury, serial_shops, nicolae_shop_stone,
          uniq_menkaure, uniq_pikel
D:6:      layout_rooms, minmay_temple_entry_mini_moons,
          chequers_serial_rivers_large_b

Skill      XL: |  1  2  3  4  5  6  7 |
---------------+----------------------+-----
Long Blades    | 1 3 4 6 7 |  7.5
Fighting       | |  3.0
Axes           | |  2.8
Armour         | |  3.0
Shields        | |  3.0

Action                   |  1- 3 |  4- 6 |  7- 9 || total
-------------------------+-------+-------+-------++-------
Melee: War axe           |    24 |       |       ||    24
       Falchion          |    73 |   151 |    43 ||   267
  Use: Scroll            |     1 |     1 |       ||     2
       Potion            |     1 |       |     1 ||     2
Armor: Scale mail        |    46 |       |       ||    46
       Crystal plate arm |     3 |   141 |    63 ||   207
Dodge: Dodged            |    48 |     5 |     3 ||    56
Block: Buckler           |    22 |    40 |    16 ||    78
